Map: Bel'Shir Vestige LE (Void)

Players

MaNa

  • Race: Protoss Protoss
  • Spawn Location: 11:00

ShoWTimE - Winner!

  • Race: Protoss Protoss
  • Spawn Location: 5:00

Event: IEM XI Katowice - World Championship 2017

VOD

Have the link to the VOD?

Description

Time

  • Played on: March 3, 2017, 12:32 p.m.
  • Length: 10:22

All games in this series

Show
View Real Time Build Order
Export as new Build Order

MaNa Protoss 

Build Orders: Oracle Opening 

Get SALT Encoding   

  12  0:01  Probe (Chrono Boost)  
  13  0:12  Probe (Chrono Boost)  
  14  0:17  Pylon  
  14  0:22  Probe (Chrono Boost)  
  16  0:35  Probe (Chrono Boost)  
  16  0:37  Gateway  
  16  0:43  Assimilator  
  16  0:46  Probe (Chrono Boost)  
  17  0:51  Assimilator  
  17  0:57  Probe (Chrono Boost)  
  18  1:04  Gateway  
  18  1:07  Probe (Chrono Boost)  
  19  1:18  Probe (Chrono Boost)  
  20  1:25  Cybernetics Core  
  20  1:28  Probe (Chrono Boost)  
  21  1:35  Pylon  
  21  1:39  Probe (Chrono Boost)  
  22  1:49  Probe (Chrono Boost)  
  22  1:51  Warp Gate  
  25  2:01  Stalker x2  
  25  2:02  Mothership Core (Chrono Boost)  
  29  2:10  Pylon  
  29  2:29  Probe (Chrono Boost)  
  30  2:31  Stalker x2  
  34  2:41  Probe (Chrono Boost)  
  35  3:01  Nexus  
  35  3:10  Stargate  
  36  3:12  Probe (Chrono Boost)  
  36  3:18  Pylon  
  36  3:21  Sentry  
  36  3:26  Probe (Chrono Boost)  
  39  3:35  Gateway  
  39  3:38  Probe (Chrono Boost)  
  40  3:48  Oracle  
  40  3:55  Stalker  
  45  4:00  Stalker  
  47  4:13  Probe (Chrono Boost)  
  47  4:14  Probe (Chrono Boost)  
  49  4:19  Oracle  
  49  4:28  Probe (Chrono Boost)  
  49  4:29  Probe (Chrono Boost)  
  54  4:32  Adept x2  
  54  4:37  Pylon  
  59  4:38  Probe (Chrono Boost)  
  59  4:42  Probe (Chrono Boost)  
  60  4:55  Stalker x2  
  60  4:56  Adept  
  66  5:00  Probe (Chrono Boost)  
  66  5:02  Probe (Chrono Boost)  
  68  5:11  Probe (Chrono Boost)  
  68  5:14  Probe (Chrono Boost)  
  67  5:19  Stalker  
  64  5:28  Probe (Chrono Boost)  
  64  5:31  Robotics Facility  
  64  5:33  Probe (Chrono Boost)  
  65  5:35  Assimilator  
  65  5:38  Assimilator  
  65  5:39  Probe (Chrono Boost)  
  66  5:45  Void Ray  
  66  5:53  Pylon  
  70  5:57  Pylon  
  70  6:07  Pylon  
  72  6:11  Probe (Chrono Boost)  
  72  6:13  Probe (Chrono Boost)  
  72  6:14  Twilight Council  
  72  6:19  Immortal  
  72  6:23  Probe (Chrono Boost)  
  72  6:25  Probe (Chrono Boost)  
  78  6:34  Probe (Chrono Boost)  
  78  6:35  Probe (Chrono Boost)  
  78  6:39  Robotics Bay  
  80  6:44  Blink, Probe (Chrono Boost)  
  80  6:46  Gateway, Probe (Chrono Boost)  
  82  6:53  Immortal  
  86  7:03  Probe (Chrono Boost)  
  86  7:04  Probe (Chrono Boost)  
  86  7:05  Pylon  
  86  7:06  Gateway  
  88  7:18  Nexus  
  88  7:20  Pylon  
  88  7:27  Disruptor  
  88  7:35  Phoenix  
  90  7:42  Stalker x3  
  96  7:50  Stalker  
  97  7:54  Probe (Chrono Boost)  
  97  7:55  Probe (Chrono Boost)  
  97  7:57  Pylon  
  99  7:58  Disruptor  
  99  8:02  Robotics Facility  
  102  8:17  Stalker  
  102  8:18  Stalker x2  
  100  8:30  Disruptor  
  91  8:49  Adept x5  
  75  9:06  Probe (Chrono Boost)  
  63  9:13  Disruptor, Probe (Chrono Boost)  
  63  9:15  Pylon  
  63  9:17  Probe (Chrono Boost)  
  66  9:18  Probe (Chrono Boost)  
  70  9:25  Probe (Chrono Boost)  
  70  9:27  Probe (Chrono Boost)  
  70  9:30  Probe (Chrono Boost)  
  72  9:36  Disruptor  
  72  9:37  Probe (Chrono Boost)  
  72  9:38  Probe (Chrono Boost)  
  75  9:40  Probe (Chrono Boost)  
  76  9:49  Probe (Chrono Boost), Sentry x2  
  81  9:53  Probe x2 (Chrono Boost)  
  84  10:01  Probe (Chrono Boost)  
  84  10:05  Probe (Chrono Boost)  
  72  10:15  Stalker  
  72  10:16  Stalker x4  
Show
View Real Time Build Order
Export as new Build Order

ShoWTimE Protoss - Winner!

Build Orders:  

Get SALT Encoding   

  12  0:00  Probe (Chrono Boost)  
  13  0:11  Probe (Chrono Boost)  
  14  0:17  Pylon  
  14  0:21  Probe (Chrono Boost)  
  15  0:36  Probe (Chrono Boost), Gateway  
  15  0:41  Assimilator  
  16  0:46  Probe (Chrono Boost)  
  17  0:50  Assimilator  
  18  0:57  Probe (Chrono Boost)  
  18  1:03  Gateway  
  18  1:07  Probe (Chrono Boost)  
  19  1:18  Probe (Chrono Boost)  
  20  1:23  Cybernetics Core  
  20  1:28  Probe (Chrono Boost)  
  20  1:32  Pylon  
  21  1:39  Probe (Chrono Boost)  
  22  1:45  Warp Gate  
  22  1:50  Probe (Chrono Boost)  
  23  1:59  Stalker x2  
  28  2:02  Probe (Chrono Boost)  
  28  2:08  Pylon  
  30  2:16  Mothership Core (Chrono Boost)  
  30  2:29  Stalker x2  
  34  2:36  Probe (Chrono Boost)  
  35  2:55  Nexus  
  35  3:01  Sentry  
  37  3:06  Pylon  
  37  3:09  Probe (Chrono Boost)  
  38  3:22  Probe (Chrono Boost)  
  38  3:24  Robotics Facility  
  40  3:34  Probe (Chrono Boost)  
  40  3:46  Probe (Chrono Boost)  
  40  3:48  Twilight Council  
  41  3:52  Sentry  
  43  3:58  Probe (Chrono Boost)  
  44  4:07  Probe (Chrono Boost)  
  44  4:08  Blink, Observer  
  46  4:10  Phoenix, Probe (Chrono Boost)  
  46  4:15  Pylon  
  47  4:18  Probe (Chrono Boost)  
  47  4:22  Probe (Chrono Boost)  
  49  4:30  Probe (Chrono Boost), Gateway  
  50  4:32  Gateway  
  50  4:34  Probe (Chrono Boost)  
  50  4:35  Immortal  
  57  4:47  Probe (Chrono Boost)  
  57  4:49  Adept  
  57  4:50  Adept  
  60  4:55  Pylon  
  60  4:59  Probe x2 (Chrono Boost)  
  61  5:11  Assimilator, Probe (Chrono Boost)  
  61  5:13  Assimilator  
  62  5:15  Stalker  
  62  5:17  Stalker  
  66  5:21  Pylon  
  63  5:33  Pylon  
  63  5:39  Pylon  
  63  5:41  Probe x2 (Chrono Boost)  
  65  5:47  Robotics Bay  
  65  5:49  Forge  
  65  5:51  Immortal  
  65  5:53  Probe x2 (Chrono Boost)  
  71  6:02  Stalker  
  75  6:05  Probe x2 (Chrono Boost)  
  75  6:07  Protoss Ground Weapons Level 1  
  75  6:13  Pylon, Phoenix  
  75  6:16  Probe (Chrono Boost)  
  76  6:30  Nexus  
  76  6:31  Disruptor  
  76  6:32  Pylon  
  79  6:46  Probe (Chrono Boost)  
  81  6:47  Probe (Chrono Boost)  
  81  6:51  Stalker x2  
  81  6:52  Stalker  
  81  6:53  Stalker  
  89  6:59  Probe x2 (Chrono Boost)  
  91  7:02  Disruptor  
  94  7:09  Pylon  
  94  7:23  Stalker x3  
  94  7:24  Stalker  
  103  7:31  Probe (Chrono Boost)  
  103  7:33  Disruptor  
  103  7:36  Probe (Chrono Boost)  
  107  7:44  Probe (Chrono Boost)  
  107  7:45  Protoss Ground Weapons Level 2  
  107  7:46  Probe (Chrono Boost)  
  107  7:48  Probe (Chrono Boost)  
  110  7:52  Stalker x4  
  110  7:55  Probe (Chrono Boost)  
  110  7:57  Pylon  
  110  7:58  Probe (Chrono Boost)  
  121  8:00  Probe (Chrono Boost)  
  121  8:07  Probe (Chrono Boost)  
  121  8:10  Disruptor, Probe (Chrono Boost)  
  121  8:12  Probe (Chrono Boost)  
  124  8:14  Pylon  
  127  8:26  Probe (Chrono Boost)  
  127  8:27  Probe (Chrono Boost)  
  121  8:38  Stalker  
  121  8:39  Stalker x2  
  127  8:41  Disruptor  
  127  8:42  Assimilator  
  107  9:11  Stalker x4  
  107  9:12  Disruptor  
  107  9:14  Assimilator  
  107  9:16  Gateway  
  115  9:17  Gateway  
  115  9:20  Gateway  
  115  9:23  Gateway  
  118  9:33  Nexus  
  118  9:35  Pylon  
  118  9:39  Stalker  
  118  9:40  Stalker x3  
  118  9:44  Robotics Facility  
  118  9:45  Warp Prism  
  126  9:49  Stargate  
  128  9:55  Pylon  
  112  10:21  Stalker  

Tags
 
Add a new tag
Caveats
  • Supply blocks, unpowered buildings, or Contaminate may cause inaccurate times.
  • Supply counts are checked every 10 seconds.